 Dungeon Sprint DCSS version 0.17-a0-1570-g74b7129 (webtiles) character file.

292 nuthulu the Blocker (level 8, 0/84 HPs)
             Began as a Deep Dwarf Fighter on July 23, 2015.
             Was an Elder of Okawaru.
             Slain by the 27-headed Lernaean hydra (9 damage)
             ... in the Dungeon (Sprint VI: "Thunderdome").
             The game lasted 00:05:12 (649 turns).

nuthulu the Blocker (Deep Dwarf Fighter)             Turns: 649, Time: 00:05:12

Health: 0/84       AC: 11    Str: 39    XL:     8   Next: 13%
Magic:  6/8        EV: 13    Int: 10    God:    Okawaru [****..]
Gold:   222        SH: 16    Dex: 12    Spells: 0 memorised, 7 levels left

rFire  . . .     SeeInvis .     t - +0 morningstar
rCold  + + .     Clarity  .     b - +0 scale mail
rNeg   + . .     SustAt   .     c - +0 shield
rPois  .         Gourm    .     (no helmet)
rElec  .         Spirit   .     u - +0 cloak
rCorr  +         Warding  .     (no gloves)
rMut   .         NoTele   +     (no boots)
MR     +....                    r - amulet "Oklip" {rCorr rN+ Str+10 Dex-2}
Stlth  ..........               s - ring of Fupeuxt {+Inv rC+}
                                q - ring of the Genius {*Drain +Fly rC+ Str+5 Stlth-}

@: mighty, heroism, non-regenerating, somewhat resistant to hostile
enchantments, extremely unstealthy
A: damage resistance, recharge devices, sense surroundings 1, slow healing 3
a: Device Recharging, Heroism, Renounce Religion, Evoke Invisibility, Evoke
Flight


You were in the Dungeon.
You worshipped Okawaru.
Okawaru was greatly pleased with you.
You were not hungry.

You visited 1 branch You collected 600 gold pieces.
You spent 378 gold pieces at shops.

Inventory:

Hand weapons
 a - a +0 flail
 t - a +0 morningstar (weapon)
Armour
 b - a +0 scale mail (worn)
 c - a +0 shield (worn)
 u - a +0 cloak (worn)
Jewellery
 q - the ring of the Genius (left hand) {*Drain +Fly rC+ Str+5 Stlth-}
   (You bought it in a shop in the Dungeon)

   [ring of loudness]

   It affects your strength (+5).
   It protects you from cold.
   It lets you fly.
   It causes draining when unequipped.
   It makes you less stealthy.
 r - the amulet "Oklip" (around neck) {rCorr rN+ Str+10 Dex-2}
   (You bought it in a shop in the Dungeon)

   [amulet of resist corrosion]

   It protects you from acid and corrosion.
   It affects your strength (+10).
   It affects your dexterity (-2).
   It protects you from negative energy.
 s - the ring of Fupeuxt (right hand) {+Inv rC+}
   (You bought it in a shop in the Dungeon)

   [ring of protection from cold]

   It protects you from cold.
   It lets you turn invisible.
Magical devices
 e - a wand of heal wounds (4)
 m - a wand of cold (3)
 n - a wand of fire (3)
Scrolls
 l - 4 scrolls of blinking
 o - 3 scrolls of fog
Potions
 g - 5 potions of curing
 h - 6 potions of heal wounds
 i - 4 potions of haste
 j - 2 potions of magic
 k - a potion of berserk rage
 p - a potion of resistance
Comestibles
 f - a bread ration


   Skills:
 + Level 8.9(13.9) Fighting
 + Level 8.3(13.3) Maces & Flails
 + Level 10.4(15.4) Armour
 - Level 0.9(5.9) Dodging
 + Level 10.9(15.9) Shields


You had 7 spell levels left.
You didn't know any spells.

Dungeon Overview and Level Annotations

Branches:
Dungeon (1/1)

Altars:
Cheibriados
Dithmenos
Fedhas
Gozag
Kikubaaqudgha
Makhleb
Okawaru
Qazlal
Ru
Sif Muna
Trog
Vehumet
Xom
Yredelemnul
Zin
The Shining One
Jiyva
Lugonu

Shops:
D *[%??*?*:[((!!!!

Annotations:
D Lernaean hydra


Innate Abilities, Weirdness & Mutations

You are resistant to damage.
You can recharge devices by infusing magical energy.
You passively map a small area around you.
You do not heal naturally.


Message History

The 27-headed Lernaean hydra bites you but does no damage. x2
The 27-headed Lernaean hydra bites you! x2
The 27-headed Lernaean hydra misses you.
The 27-headed Lernaean hydra bites you!
* * * LOW HITPOINT WARNING * * *
You block the 27-headed Lernaean hydra's attack. x2
The 27-headed Lernaean hydra barely misses you.
You block the 27-headed Lernaean hydra's attack.
The 27-headed Lernaean hydra bites you but does no damage. x2
You block the 27-headed Lernaean hydra's attack.
The 27-headed Lernaean hydra closely misses you.
The 27-headed Lernaean hydra bites you but does no damage.
The 27-headed Lernaean hydra bites you.
* * * LOW HITPOINT WARNING * * *
The 27-headed Lernaean hydra bites you.
* * * LOW HITPOINT WARNING * * *
The 27-headed Lernaean hydra bites you.
* * * LOW HITPOINT WARNING * * *
The 27-headed Lernaean hydra bites you!
You die...

#_......._#
###.........###
#⌠.........k.⌠#
######.8.........8.###
##∩___......###......._
###∩........8.# #.8......
##.........)...###........
#⌠..........###...###.....
#⌠.......@D.# #.<.# #.....
#⌠.[........###[..###.....
##.............###........
###∩........8.# #.8......
##∩_._......###......__
######.8..[...÷..8.###
#⌠...........⌠#
###.........###
#........_#


You could see the 27-headed Lernaean hydra.

Vanquished Creatures
  Sigmund (D)
  A wraith (D)
  4 ice beasts (D)
  A swamp drake (D)
  3 necrophages (D)
  A wight (D)
  Terence (D)
  2 spectral adders (D)
  A bat (D)
  A bat zombie (D)
  A giant cockroach (D)
  A ball python simulacrum (D)
  A bat simulacrum (D)
  A giant gecko simulacrum (D)
  A goblin (D)
  A quokka zombie (D)
  2 spectral ball pythons (D)
24 creatures vanquished.

Notes
Turn   | Place    | Note
--------------------------------------------------------------
     0 | D        | nuthulu the Deep Dwarf Fighter began the quest for the Orb.
     0 | D        | Reached XP level 1. HP: 20/20 MP: 1/1
     1 | D        | Found a basalt altar of Yredelemnul.
     1 | D        | Found a shimmering altar of Xom.
     2 | D        | Found a sacrificial altar of Ru.
     2 | D        | Found an opulent altar of Gozag.
     3 | D        | Found a glowing golden altar of the Shining One.
     3 | D        | Found a viscous altar of Jiyva.
     4 | D        | Found Fiego's Bee Food.
     4 | D        | Found an iron altar of Okawaru.
     4 | D        | Found Zoist's Identification Station.
     5 | D        | Found Ulapuf's Jewellery.
     5 | D        | Found Kyceorrefil's Advanced Armour.
     5 | D        | Round 1.
    13 | D        | Bought a faintly glowing iron ring for 45 gold pieces
    13 | D        | Bought a slimy ivory amulet for 45 gold pieces
    13 | D        | Bought a glittering glass ring for 45 gold pieces
    13 | D        | Identified the ring of the Genius {*Drain +Fly rC+ Str+5 Stlth-} (You bought it in a shop in the Dungeon)
    14 | D        | Identified the amulet "Oklip" {rCorr rN+ Str+10 Dex-2} (You bought it in a shop in the Dungeon)
    15 | D        | Identified the ring of Fupeuxt {+Inv rC+} (You bought it in a shop in the Dungeon)
    29 | D        | Became a worshipper of Warmaster Okawaru
    48 | D        | Noticed Sigmund
    51 | D        | Killed Sigmund
    51 | D        | Acquired Okawaru's first power
    51 | D        | Reached skill level 5 in Fighting
    51 | D        | Reached skill level 6 in Armour
    51 | D        | Reached skill level 7 in Shields
    51 | D        | Reached XP level 2. HP: 25/33 MP: 2/2
    51 | D        | Reached XP level 3. HP: 30/40 MP: 3/3
    51 | D        | Reached XP level 4. HP: 36/48 MP: 4/4
    51 | D        | Reached XP level 5. HP: 41/55 MP: 5/5
    76 | D        | Noticed Terence
    77 | D        | Killed Terence
    80 | D        | Found a corrupted altar of Lugonu.
    81 | D        | Found a stormy altar of Qazlal.
    82 | D        | Found an ancient bone altar of Kikubaaqudgha.
    82 | D        | Found a glowing silver altar of Zin.
    82 | D        | Found Iwotux's Premium Goods.
    82 | D        | Found Jyiwaiq's Weapon Rack.
    83 | D        | Found Reent's Miscellaneous Merchandise.
    83 | D        | Found Miwod's Basic Armour.
    91 | D        | Found a blossoming altar of Fedhas.
    92 | D        | Found a bloodstained altar of Trog.
    93 | D        | Found a shadowy altar of Dithmenos.
    94 | D        | Found Ukos's Do-It-Yourself Clinic.
    95 | D        | Found Niuthrereop's Bottled Wisdom.
    95 | D        | Found Zodaok's Distillery.
    99 | D        | Found a radiant altar of Vehumet.
    99 | D        | Found Noulig's Distillery.
   137 | D        | Found a deep blue altar of Sif Muna.
   139 | D        | Found a snail-covered altar of Cheibriados.
   140 | D        | Found Kakic's Staff Store.
   141 | D        | Found a burning altar of Makhleb.
   141 | D        | Found Quode's Magic Scroll Shop.
   141 | D        | Found Teassuam's Must-Have Magic.
   141 | D        | Found Gaduqi's Magic Scroll Shop.
   151 | D        | Arena points: 12 (+12) [x2]
   198 | D        | Round 2.
   231 | D        | Noticed a necrophage
   243 | D        | Killed a necrophage
   243 | D        | Reached skill level 5 in Maces & Flails
   243 | D        | Reached skill level 8 in Shields
   243 | D        | Reached XP level 6. HP: 61/63 MP: 3/6
   290 | D        | Arena points: 48 (+36) [x3]
   290 | D        | Reached skill level 9 in Shields
   303 | D        | Bought a +0 cloak for 54 gold pieces
   325 | D        | Bought 4 potions of curing for 84 gold pieces
   348 | D        | Round 3.
   360 | D        | Noticed a wraith
   379 | D        | Killed a wraith
   379 | D        | Reached XP level 7. HP: 66/74 MP: 5/7
   402 | D        | Arena points: 132 (+84) [x4]
   423 | D        | Round 4.
   441 | D        | Reached skill level 10 in Shields
   501 | D        | Bought 3 potions of heal wounds for 105 gold pieces
   523 | D        | Reached skill level 10 in Armour
   545 | D        | Reached XP level 8. HP: 84/84 MP: 8/8
   552 | D        | Arena points: 292 (+160) [x5]
   620 | D        | Round 5.
   640 | D        | Noticed the 27-headed Lernaean hydra
   649 | D        | Slain by the 27-headed Lernaean hydra

Vault maps used:
D:        arena_sprint

Action                   |  1- 3 |  4- 6 |  7- 9 || total
-------------------------+-------+-------+-------++-------
Melee: Flail             |     5 |       |       ||     5
       Morningstar       |       |    46 |    39 ||    85
Invok: Heroism           |       |     3 |     2 ||     5
Evoke: Wand              |     1 |     4 |       ||     5
  Use: Potion            |       |       |     3 ||     3
